 Dungeon Crawl Stone Soup version 0.30.1-11-g7821555f0a (webtiles) character file.

Game seed: 9722520349969816182

95 andronian the Poker (level 4, -2/37 HPs)
             Began as a Merfolk Fighter on Nov 26, 2023.
             Was an Initiate of Okawaru.
             Slain by an ogre
             ... wielding a +0 giant club
              (21 damage)
             ... on level 4 of the Dungeon.
             The game lasted 00:03:44 (2602 turns).

andronian the Poker (Merfolk Fighter)               Turns: 2602, Time: 00:03:45

Health: -2/37      AC:  8    Str: 18    XL:     4   Next: 65%
Magic:  4/4        EV:  9    Int:  7    God:    Okawaru [......]
Gold:   214        SH:  4    Dex: 13    Spells: 3/3 levels left

rFire   . . .        a - +0 trident
rCold   . . .        c - +0 buckler
rNeg    . . .        b - +0 scale mail
rPois   .            (no helmet)
rElec   .            (no cloak)
rCorr   .            (no gloves)
SInv    .            i - +1 pair of boots
Will    .....        (no amulet) Stlth
                     (no ring)
HPRegen 0.26/turn    (no ring)
MPRegen 0.09/turn

%: no passive effects
@: no status effects
A: (nimble swimmer 2), mertail
a: Renounce Religion


You were on level 4 of the Dungeon.
You worshipped Okawaru.
Okawaru was noncommittal.
You visited 1 branch of the dungeon, and saw 4 of its levels.

You collected 214 gold pieces.

Inventory:

Hand Weapons
 a - a +0 trident (weapon)
Missiles
 n - 5 poisoned darts (quivered)
Armour
 b - a +0 scale mail (worn)
 c - a +0 buckler (worn)
 i - a +1 pair of boots (worn)
 t - a +0 chain mail
Scrolls
 l - a scroll of blinking {unknown}
 o - a scroll of fog
 q - a scroll of magic mapping {unknown}
 r - a scroll of enchant armour {unknown}
 u - a scroll of noise {unknown}
 v - a scroll of identify {unknown}
Potions
 d - a potion of might
 e - a potion of invisibility
 f - 2 potions of curing {unknown}
 g - a potion of ambrosia {unknown}
 j - a potion of cancellation {unknown}
 k - 2 potions of degeneration {unknown}
 m - a potion of brilliance {unknown}
 p - 2 potions of flight {unknown}
 s - a potion of resistance {unknown}


   Skills:
 - Level 3.6 Fighting
 * Level 5.2 Polearms
 - Level 2.4 Armour
 - Level 3.3 Shields


You had 3 spell levels left.
You didn't know any spells.
Your spell library contained the following spells:

 Spells                   Type           Power      Damage    Failure   Level
 Ensorcelled Hibernation  Hex/Ice        0%         N/A       96%         2
 Spider Form              Tmut/Pois      0%         N/A       99%         3
 Stone Arrow              Conj/Erth      0%         3d7       99%         3
 Anguish                  Hex/Necr       0%         N/A       100%        4
 Lehudib's Crystal Spear  Conj/Erth      0%         10d2      100%        8
 Animate Armour           Summ/Erth      Unusable   N/A       N/A         4

Dungeon Overview and Level Annotations

Branches:
Dungeon (4/15)
 Temple: D:4-7

Altars:
Dithmenos
Okawaru
Wu Jian


Innate Abilities, Weirdness & Mutations

((You are very nimble when in or above water. (Stealth+, EV+, Speed+++)))
Your lower body shifts to a powerful aquatic tail in water.


Message History

The atropa-tipped dart barely misses the ogre.
Throw: 3 darts (atropa)
Press: ? - help, Q - select action, (/) - cycle Shift-Dir - straight line, f/p - ogre
Aim: an ogre, wielding a +0 giant club (moderately wounded, 73% to hit, chance to blind on hit: 27%)
You throw an atropa-tipped dart. The atropa-tipped dart hits the ogre.
The ogre resists.
The ogre is moderately wounded.
The ogre closely misses you.
Throw: 2 darts (atropa)
Press: ? - help, Q - select action, (/) - cycle Shift-Dir - straight line, f/p - ogre
Aim: an ogre, wielding a +0 giant club (moderately wounded, 73% to hit, chance to blind on hit: 27%)
You throw an atropa-tipped dart. The atropa-tipped dart hits the ogre.
The ogre resists.
The ogre is moderately wounded.
The ogre hits you with a +0 giant club!!
Ouch! That really hurt!
Throw: dart (atropa)
Press: ? - help, Q - select action, (/) - cycle Shift-Dir - straight line, f/p - ogre
Aim: an ogre, wielding a +0 giant club (moderately wounded, 73% to hit, chance to blind on hit: 27%)
You throw an atropa-tipped dart.
The atropa-tipped dart barely misses the ogre.
The ogre barely misses you.
You hit the ogre.
The ogre is heavily wounded.
You hit the ogre.
The ogre is severely wounded.
The ogre closely misses you.
You hit the ogre but do no damage.
The ogre is severely wounded.
The ogre closely misses you.
You completely miss the ogre.
The ogre is severely wounded.
You hit the ogre.
The ogre is almost dead.
The ogre completely misses you.
You hit the ogre.
The ogre is almost dead.
The ogre hits you with a +0 giant club!!
Ouch! That really hurt!
You die...

###... ##...(. ......
...!# .... (.#
#.######. #O.......
#@####### #.# #.#
###.#######
#.......... #######
#.#.####..# #.....#
#....###.
#.###.#######.........
#.#>.............###.>


You could see an ogre.

Vanquished Creatures
  4 adders
  A worm (D:2)
  2 dart slugs
  3 endoplasms
  A giant cockroach (D:1)
  7 goblins
  5 hobgoblins
  4 jackals (D:3)
  A kobold (D:4)
  4 quokkas
  7 ball pythons
  3 bats
  7 rats
49 creatures vanquished.

Notes
Turn   | Place    | Note
-------+----------+-------------------------------------------
     0 | D:1      | andronian the Merfolk Fighter began the quest for the Orb.
     0 | D:1      | Reached XP level 1. HP: 18/18 MP: 1/1
   449 | D:1      | Reached skill level 3 in Polearms
   449 | D:1      | Reached XP level 2. HP: 23/24 MP: 2/2
   603 | D:1      | Reached XP level 3. HP: 29/29 MP: 3/3
  1600 | D:2      | Reached skill level 4 in Polearms
  1914 | D:3      | Reached XP level 4. HP: 37/37 MP: 4/4
  2049 | D:3      | Found a shadowy altar of Dithmenos.
  2083 | D:3      | Found an iron altar of Okawaru.
  2092 | D:3      | Found an ornate altar of the Wu Jian Council.
  2101 | D:3      | Became a worshipper of Warmaster Okawaru
  2356 | D:4      | Reached skill level 5 in Polearms
  2583 | D:4      | Noticed an ogre
  2602 | D:4      | Slain by an ogre

Illustrated notes

Levels and vault maps discovered:
D:1:      minmay_arrival_stair_chambers, layout_loops_corners,
          minmay_close_crescents
D:2:      mumra_celtic_spiral_tile, layout_basic, minmay_diced_spiral
D:3:      layout_rooms, grunt_dithmenos_smoke,
          mainiacjoe_overflow_catwalk_spiral
D:4:      minmay_evil_eye, layout_loops_corners,
          nicolae_ru_great_annihilating_truth, minmay_vboxes

Skill      XL: |  1  2  3  4 |
---------------+-------------+-----
Polearms       | 3 4 5 |  5.2
Fighting       | |  3.6
Armour         | |  2.4
Shields        | |  3.3

Action                     |  1- 3 |  4- 6 || total
---------------------------+-------+-------++-------
  Melee: Trident           |   125 |    60 ||   185
  Throw: Dart              |       |     6 ||     6
    Use: Potion            |     1 |       ||     1
         Scroll            |       |     2 ||     2
 Armour: Scale mail        |    53 |    24 ||    77
  Dodge: Dodged            |    46 |    24 ||    70
  Block: Buckler           |    16 |    11 ||    27
